 Dungeon Crawl Stone Soup version 0.18.1-48-g4cf74bf (webtiles) character file.

34 mindo the Magician (level 3, -3/19 HPs)
             Began as a Deep Elf Wizard on July 12, 2016.
             Slain by a kobold
             ... wielding a +0 short sword
              (5 damage)
             ... on level 2 of the Dungeon.
             The game lasted 00:10:25 (1791 turns).

mindo the Magician (Deep Elf Wizard)                Turns: 1791, Time: 00:10:25

Health: -3/19      AC:  3    Str:  4    XL:     3   Next: 14%
Magic:  11/11      EV: 12    Int: 23    God:
Gold:   69         SH:  0    Dex: 13    Spells: 3 memorised, 7 levels left

rFire  . . .     SeeInvis .     i - +0 dagger
rCold  . . .     Gourm    .     a - +0 robe
rNeg   . . .     Faith    .     (no shield)
rPois  .         Spirit   .     e - +1 hat
rElec  .         Dismiss  .     (no cloak)
rCorr  .         Reflect  .     (no gloves)
SustAt .         Harm     .     (no boots)
MR     .....                    (no amulet)
Stlth  ++........               (no ring)
                                (no ring)

@: not resistant to hostile enchantments, unstealthy
A: no striking features
a: no special abilities


You were on level 2 of the Dungeon.
You were very hungry.

You visited 1 branch of the dungeon, and saw 2 of its levels.

You collected 69 gold pieces.

Inventory:

Hand Weapons
 i - a +0 dagger (weapon)
Armour
 a - a +0 robe (worn)
 b - a +0 hat
 e - a +1 hat (worn)
Wands
 j - a wand of slowing (17/48)
Scrolls
 f - 2 scrolls of identify {unknown}
 h - a scroll of remove curse {unknown}
Potions
 g - a potion of might {unknown}
 k - a potion of mutation {unknown}
Books
 c - a book of Minor Magic

   Spells                             Type                      Level
   a - Magic Dart                     Conjuration                  1
   b - Blink                          Translocation                2
   c - Call Imp                       Summoning                    2
   d - Repel Missiles                 Charms/Air                   2
   e - Slow                           Hexes                        2
   f - Conjure Flame                  Conjuration/Fire             3
   g - Mephitic Cloud                 Conjuration/Poison/Air       3
Comestibles
 d - a bread ration


   Skills:
 - Level 2.4 Dodging
 - Level 2.4 Stealth
 + Level 5.3 Spellcasting
 + Level 2.4 Conjurations
 - Level 1.1 Summonings
 - Level 1.1 Translocations


You had 7 spell levels left.
You knew the following spells:

 Your Spells              Type           Power        Failure   Level  Hunger
a - Magic Dart            Conj           ###.         3%          1    None
b - Call Imp              Summ           ##......     12%         2    None
c - Blink                 Tloc           N/A          12%         2    None


Dungeon Overview and Level Annotations

Branches:
Dungeon (2/15)

Altars:
Nemelex Xobeh

Annotations:
D:2 Terence


Message History

That beef jerky was jerk-a-riffic!
Casting: Call Imp
Confirm with . or Enter, or press ? or * to list all spells.
You blink.
Casting: Blink
Confirm with . or Enter, or press ? or * to list all spells.
You blink.
There is an open door here.
Found 18 poisoned needles.
Found 13 gold pieces.
You see here 13 gold pieces.
A goblin comes into view. It is wielding a dagger.
A kobold comes into view. It is wielding a short sword.
The kobold shouts!
You are feeling very hungry.
The kobold misses you. The kobold hits you with a short sword.
* * * LOW HITPOINT WARNING * * *
The kobold hits you with a short sword.
You die...

#..#
#.#
#..#
#.#
#..#
#.###
#.@#
#....
#..#
#....
#..#
#....
#..#
#....
#.K#
#....
#@.#
#....
#..+
..?..
##.#
#.###
#.#
#.#
#.#
.# .#


You could see Terence and a kobold.

Vanquished Creatures
  An adder (D:2)
  2 giant cockroaches (D:1)
  4 goblins
  A hobgoblin (D:1)
  A bat (D:2)
  2 giant newts
  A kobold (D:1)
  2 rats
14 creatures vanquished.

Vanquished Creatures (collateral kills)
  An adder (D:2)
  A worm (D:2)
  A ball python (D:1)
  2 giant cockroaches (D:2)
  A hobgoblin (D:2)
  A kobold (D:2)
  A rat (D:2)
8 creatures vanquished.

Grand Total: 22 creatures vanquished

Notes
Turn   | Place    | Note
--------------------------------------------------------------
     0 | D:1      | mindo the Deep Elf Wizard began the quest for the Orb.
     0 | D:1      | Reached XP level 1. HP: 10/10 MP: 7/7
   637 | D:1      | Found a sparkling altar of Nemelex Xobeh.
  1053 | D:1      | Reached XP level 2. HP: 15/15 MP: 6/9
  1130 | D:1      | Learned a level 2 spell: Call Imp
  1133 | D:1      | Learned a level 2 spell: Blink
  1251 | D:2      | Reached skill level 5 in Spellcasting
  1449 | D:2      | Reached XP level 3. HP: 7/19 MP: 1/11
  1741 | D:2      | Noticed Terence
  1791 | D:2      | Slain by a kobold

Skill      XL: |  1  2 |
---------------+-------+-----
Spellcasting   | 5 |  5.3
Conjurations   | 2 |  2.4
Dodging        | |  2.4
Stealth        | |  2.4
Summonings     | |  1.1
Translocations | |  1.1

Action                   || total
-------------------------++-------
Melee: Unarmed           ||     7
       Dagger            ||    16
 Cast: Magic Dart        ||    34
       Call Imp          ||     9
       Blink             ||     4
Evoke: Wand              ||     1
  Eat: Beef jerky        ||     1
Armor: Robe              ||     3
Dodge: Dodged            ||    30
